 Dungeon Crawl Stone Soup version 0.19-a0-1111-gcceb26a (webtiles) character file.

182 aronpayne the Skirmisher (level 5, 0/42 HPs)
             Began as a Demonspawn Fighter on Aug 11, 2016.
             Killed from afar by an orc wizard (9 damage)
             ... with a magic dart
             ... on level 3 of the Dungeon.
             The game lasted 00:05:56 (1786 turns).

aronpayne the Skirmisher (Demonspawn Fighter)       Turns: 1786, Time: 00:05:58

Health: 0/42       AC:  6    Str: 22    XL:     5   Next: 35%
Magic:  5/5        EV:  8    Int: 10    God:
Gold:   153        SH: 10    Dex: 12    Spells: 0 memorised, 4 levels left

rFire  . . .     SeeInvis .     a - +0 long sword
rCold  . . .     Gourm    .     b - +0 scale mail
rNeg   . . .     Faith    .     c - +1 shield
rPois  .         Spirit   .     (no helmet)
rElec  .         Dismiss  .     (no cloak)
rCorr  .         Reflect  .     (no gloves)
SustAt .         Harm     .     (no boots)
MR     .....                    (no amulet)
Stlth  +.........               (no ring)
                                (no ring)

@: mighty
A: claws 1, nightstalker 1
a: no special abilities


You were on level 3 of the Dungeon.
You were not hungry.

You visited 1 branch of the dungeon, and saw 3 of its levels.

You collected 153 gold pieces.

Inventory:

Hand Weapons
 a - a +0 long sword (weapon)
Armour
 b - a +0 scale mail (worn)
 c - a +1 shield (worn)
Scrolls
 h - a scroll of immolation
 j - 2 scrolls of fog
Potions
 e - 3 potions of curing {unknown}
Comestibles
 f - 2 bread rations
 g - 12 chunks of flesh
 i - 3 meat rations


   Skills:
 * Level 4.0 Fighting
 * Level 3.0 Long Blades
 + Level 3.2 Armour
 + Level 1.5 Dodging
 + Level 1.1 Stealth
 + Level 3.1 Shields


You had 4 spell levels left.
You didn't know any spells.

Dungeon Overview and Level Annotations

Branches:
Dungeon (3/15)

Altars:
Ru
The Shining One
Beogh


Innate Abilities, Weirdness & Mutations

You have sharp fingernails.
You are slightly more attuned to the shadows.


Message History

An orc wizard comes into view. It is wielding a dagger.
The orc wizard shouts!
The orc priest invokes the aid of Beogh against you.
Beogh smites you!
* * * LOW HITPOINT WARNING * * *
You block the orc priest's attack.
The orc priest hits you but does no damage.
You are too injured to fight recklessly!
You are too injured to fight recklessly!
You are too injured to fight recklessly!
You are too injured to fight recklessly!
You are too injured to fight recklessly!
You are too injured to fight recklessly!
You closely miss the orc priest.
The orc wizard gestures wildly while chanting.
The orc wizard seems to speed up.
The orc priest hits you but does no damage.
The orc wizard gestures at you while chanting.
The magic dart hits you!
You die...

...........# #
####.......# #
#....#### #
#....# ### #
#....# #.# #
#....# #.### #
#.>..# #...###
########..###
#<.....
#......o@##
###...#
#.....##o#
#.###
#.....##o)..o._
#.#
#.....####o8.8.
..# #.....#
#$$.# .#..
#.....# ####
#.##. #.....#


You could see 2 orc priests and 2 orc wizards.

Vanquished Creatures
  An orc priest (D:3)
  3 orc wizards
  2 adders (D:2)
  An ooze (D:3)
  2 dart slugs
  2 giant geckos
  3 orcs (D:3)
  2 ball pythons (D:2)
  9 bats
  A giant cockroach (D:2)
  3 goblins (D:2)
  4 hobgoblins
  2 jackals (D:1)
  2 giant newts
  4 kobolds
  A rat (D:1)
42 creatures vanquished.

Notes
Turn   | Place    | Note
-------+----------+-------------------------------------------
     0 | D:1      | aronpayne the Demonspawn Fighter began the quest for the Orb.
     0 | D:1      | Reached XP level 1. HP: 18/18 MP: 1/1
   337 | D:1      | Gained mutation: You are slightly more attuned to the shadows. [demonic ancestry]
   337 | D:1      | Reached XP level 2. HP: 24/24 MP: 2/2
   646 | D:1      | Reached skill level 1 in Dodging
   914 | D:2      | Found a glowing golden altar of the Shining One.
   944 | D:2      | Reached XP level 3. HP: 20/29 MP: 3/3
  1331 | D:2      | Found a sacrificial altar of Ru.
  1348 | D:2      | Reached XP level 4. HP: 34/36 MP: 4/4
  1684 | D:3      | Reached skill level 1 in Stealth
  1684 | D:3      | Gained mutation: You have sharp fingernails. [demonic ancestry]
  1684 | D:3      | Reached XP level 5. HP: 31/42 MP: 5/5
  1777 | D:3      | Found a roughly hewn altar of Beogh.
  1779 | D:3      | Reached skill level 4 in Fighting
  1786 | D:3      | Killed from afar by an orc wizard

Vault maps used:
D:1:      minmay_arrival_checkered_box
D:2:      tso_metal_star, nicolae_ru_great_annihilating_truth
D:3:      first_bread, kennysheep_orc_chapel

Skill      XL: |  1  2  3  4  5 |
---------------+----------------+-----
Dodging        | 1 |  1.5
Long Blades    | 2 3 |  3.0
Armour         | 3 |  3.2
Shields        | 3 |  3.1
Stealth        | 1 |  1.1
Fighting       | 4 |  4.0

Action                   |  1- 3 |  4- 6 || total
-------------------------+-------+-------++-------
Melee: Long sword        |   145 |    43 ||   188
  Use: Scroll            |       |     7 ||     7
       Potion            |       |     2 ||     2
 Stab: Paralysed         |       |     3 ||     3
  Eat: Chunk             |     2 |     1 ||     3
Armor: Scale mail        |    73 |    19 ||    92
Dodge: Dodged            |    49 |     7 ||    56
Block: Shield            |    79 |    22 ||   101
